 Dungeon Crawl Stone Soup version 0.21-a0-509-gecc5317 (webtiles) character file.

35 Gerstahl the Chiller (level 3, -4/28 HPs)
             Began as a Naga Ice Elementalist on Nov 30, 2017.
             Slain by a shadow imp (6 damage)
             ... on level 2 of the Dungeon.
             The game lasted 00:04:13 (1806 turns).

Gerstahl the Chiller (Naga Ice Elementalist)        Turns: 1806, Time: 00:04:14

Health: -4/28      AC:  2    Str: 15    XL:     3   Next: 33%
Magic:  0/7        EV: 10    Int: 21    God:
Gold:   30         SH:  0    Dex: 11    Spells: 6/7 levels left

rFire    . . .     SeeInvis +   j - staff of air
rCold    . . .     Gourm    .   (no shield)
rNeg     . . .     Faith    .   a - +0 robe
rPois    +         Spirit   .   (no helmet)
rElec    +         Reflect  .   (no cloak)
rCorr    .         Harm     .   (no gloves)
MR       .....                  (no barding)
Stlth    ++........             (no amulet)
HPRegen  0.09/turn              (no ring)
MPRegen  0.10/turn              (no ring)

@: mighty, brilliant, very slightly contaminated, very slow
A: large, see invisible, deformed body, poison resistance, slowness 2, slow
metabolism 1, spit poison 1, AC +1
a: Spit Poison


You were on level 2 of the Dungeon.
You were not hungry.

You visited 1 branch of the dungeon, and saw 2 of its levels.

You collected 30 gold pieces.

Inventory:

Armour
 a - a +0 robe (worn)
Magical Staves
 j - an uncursed staff of air (weapon)
Scrolls
 d - a scroll of immolation {unknown}
 g - a scroll of teleportation {unknown}
Potions
 f - 3 potions of brilliance
 i - a potion of curing {unknown}
Books
 b - a book of Frost

   Spells                             Type                      Level
   a - Freeze                         Ice                          1
   b - Throw Frost                    Conjuration/Ice              2
   c - Ozocubu's Armour               Charms/Ice                   3
   d - Throw Icicle                   Conjuration/Ice              4
   e - Summon Ice Beast               Ice/Summoning                4
Comestibles
 c - 2 bread rations
 h - a chunk of flesh


   Skills:
 + Level 0.0 Fighting
 + Level 0.0 Staves
 - Level 1.5 Dodging
 - Level 3.0 Stealth
 + Level 2.8 Spellcasting
   Level 1.0 Conjurations
 + Level 3.7 Ice Magic


You had 6 spell levels left.
You knew the following spells:

 Your Spells              Type           Power        Failure   Level  Hunger
a - Freeze                Ice            ####         1%          1    None


Dungeon Overview and Level Annotations

Branches:
Dungeon (2/15)

Altars:

Annotations:
D:2 Sigmund


Innate Abilities, Weirdness & Mutations

You cannot wear boots.
Your serpentine skin is tough. (AC +1)
You have supernaturally acute eyesight. (SInv)
Armour fits poorly on your strangely shaped body.
Your system is resistant to poisons. (rPois)
You cover ground very slowly.
You have a slow metabolism.
You can spit poison.


Message History

The shadow imp misses you.
It was a potion of brilliance.
You feel clever all of a sudden. The shadow imp hits you.
* * * LOW HITPOINT WARNING * * *
It was a potion of might.
You feel very mighty all of a sudden. The shadow imp misses you.
You closely miss the shadow imp.
The shadow imp is heavily wounded.
The shadow imp hits you.
* * * LOW HITPOINT WARNING * * *
You hit the shadow imp but do no damage.
The shadow imp is heavily wounded.
The shadow imp hits you.
* * * LOW HITPOINT WARNING * * *
You barely miss the shadow imp.
The shadow imp is heavily wounded.
The shadow imp hits you.
You die...

#.# #.# #.# #.# #.# #.#
## #.# #.# .. #.# #.#
#.## #.# #.# #...## #.#
#.#
#####5@###.########.###
........................
#######.................
#.................
#...<.............
#.........########
#.........# ###########


You could see a shadow imp.

Vanquished Creatures
  A dart slug (D:1)
  6 goblins (D:1)
  7 hobgoblins
  2 jackals (D:1)
  5 bats
  3 kobolds
  4 rats (D:1)
28 creatures vanquished.

Notes
Turn   | Place    | Note
-------+----------+-------------------------------------------
     0 | D:1      | Gerstahl the Naga Ice Elementalist began the quest for the Orb.
     0 | D:1      | Reached XP level 1. HP: 15/15 MP: 3/3
   254 | D:1      | Reached XP level 2. HP: 18/22 MP: 0/5
   878 | D:1      | Reached XP level 3. HP: 16/28 MP: 3/6
  1564 | D:2      | Noticed Sigmund
  1806 | D:2      | Slain by a shadow imp

Vault maps used:
D:1:      dpeg_arrival_prison
D:2:      grunt_temple_overflow_open, uniq_sigmund, uniq_jessica, uniq_terence

Action                   || total
-------------------------++-------
Melee: Unarmed           ||    21
       Staff             ||     9
 Cast: Freeze            ||    35
 Abil: Spit Poison       ||    14
  Use: Potion            ||     2
  Eat: Chunk             ||     3
Armor: Robe              ||    16
Dodge: Dodged            ||    52

Table legend:
 A = Spawn XP
 B = Non-spawn XP
 C = Spawn XP percentage of total XP
 D = Spawn monster count
 E = Non-spawn monster count
 F = Spawn count percentage of total count
 G = Total turns spent on level
                    A         B        C        D         E        F      G
               +---------+---------+-------+---------+---------+-------+---------
         Total |       0 |      50 |   0.0 |       0 |      28 |   0.0 |  1806
               +---------+---------+-------+---------+---------+-------+---------
           D:1 |       0 |      38 |   0.0 |       0 |      22 |   0.0 |  1634
           D:2 |       0 |      12 |   0.0 |       0 |       6 |   0.0 |   172
               +---------+---------+-------+---------+---------+-------+---------
